| TOP OF THE 1ST |
|
Springfield Cardinals batting - Pitching for Columbia Fireflies : RHP Tyler Lybrand
|
|
Pitching: RHP Tyler Lybrand
|
|
|
Batting: RHB Jeff Long
|
0-0: Swinging Strike 0-1: Called Strike 0-2: Ball 1-2: Foul Ball, location: 2F 1-2: Strikes out swinging
|
|
Batting: RHB McGwire Jones
|
0-0: Ball 1-0: Swinging Strike 1-1: SINGLE (Flyball, 89S, EV 93.8 MPH)
|
|
Batting: RHB Fortunato Fteira
|
0-0: Ball 1-0: Swinging Strike Pickoff Throw to First - Out! 1-3 1-1: Fly out, F8 (Line Drive, 8LD, EV 93.8 MPH)
|
| Top of the 1st over - 0 runs, 1 hit, 0 errors, 0 left on base; Springfield 0 - Columbia 0 |
| BOTTOM OF THE 1ST |
|
Columbia Fireflies batting - Pitching for Springfield Cardinals : RHP Branden Maynard
|
|
Pitching: RHP Branden Maynard
|
|
|
Batting: SHB Detlef Oursler
|
0-0: Ball 1-0: Foul Ball, location: 2F 1-1: Foul Ball, location: 2F 1-2: Ball 2-2: Ground out 6-3 (Groundball, 6, EV 80.6 MPH)
|
|
Batting: LHB Jamel Alexander
|
0-0: Ball 1-0: Foul Ball, location: 2F 1-1: Foul Ball, location: 2F 1-2: Ball 2-2: Ball 3-2: Foul Ball, location: 2F 3-2: Base on Balls
|
|
Batting: LHB Bayesa Mundhir
|
0-0: Called Strike 0-1: Called Strike 0-2: Ball 1-2: Ball 2-2: Ball 3-2: Foul Ball, location: 2F 3-2: Foul Ball, location: 2F 3-2: SINGLE (Line Drive, 8RS, EV 97.5 MPH) Jamel Alexander to second Jamel Alexander to third
|
|
Batting: LHB Miguel Ramos
|
0-0: Ball 1-0: Swinging Strike 1-1: Foul Ball, location: 2F 1-2: Strikes out swinging
|
|
Batting: LHB Dan Bremseth
|
0-0: Called Strike 0-1: Swinging Strike 0-2: Foul Ball, location: 2F 0-2: Ball 1-2: Strikes out swinging
|
| Bottom of the 1st over - 0 runs, 1 hit, 0 errors, 2 left on base; Springfield 0 - Columbia 0 |
| TOP OF THE 2ND |
|
Springfield Cardinals batting - Pitching for Columbia Fireflies : RHP Tyler Lybrand
|
|
Batting: RHB Immel Kamuzu
|
0-0: Foul Ball, location: 2F 0-1: Ball 1-1: Ball 2-1: Called Strike 2-2: Ball 3-2: Fly out, F7 (Line Drive, 78M, EV 85.6 MPH)
|
|
Batting: RHB Jose Ramos
|
0-0: Fly out, F8 (Line Drive, 8RM, EV 96.9 MPH)
|
|
Batting: RHB Juan Martinez
|
0-0: Called Strike 0-1: Ball 1-1: Called Strike 1-2: Strikes out swinging
|
| Top of the 2nd over - 0 runs, 0 hits, 0 errors, 0 left on base; Springfield 0 - Columbia 0 |
| BOTTOM OF THE 2ND |
|
Columbia Fireflies batting - Pitching for Springfield Cardinals : RHP Branden Maynard
|
|
Batting: SHB Jerry Burrows
|
0-0: Ball 1-0: Ball 2-0: Ball 3-0: Called Strike 3-1: Base on Balls
|
|
Batting: RHB Larry Shoop
|
0-0: Ball 1-0: Ball 2-0: Swinging Strike 2-1: Ball 3-1: Called Strike 3-2: Foul Ball, location: 2F 3-2: Foul Ball, location: 2F 3-2: Foul Ball, location: 2F 3-2: Base on Balls Jerry Burrows to second
|
|
Batting: LHB Zane Kelton
|
0-0: Called Strike 0-1: Ball 1-1: Swinging Strike 1-2: Foul Ball, location: 2F 1-2: Strikes out looking
|
|
Batting: RHB David Reyna
|
0-0: Ball 1-0: Grounds into double play, 2-6-3 (Groundball, 2R, EV 67.5 MPH)
|
| Bottom of the 2nd over - 0 runs, 0 hits, 0 errors, 1 left on base; Springfield 0 - Columbia 0 |
| TOP OF THE 3RD |
|
Springfield Cardinals batting - Pitching for Columbia Fireflies : RHP Tyler Lybrand
|
|
Batting: RHB Workneh Lagat
|
0-0: Ball 1-0: Foul Ball, location: 2F 1-1: Foul Ball, location: 2F 1-2: SINGLE (Line Drive, 3D, EV 99.4 MPH)
|
|
Batting: RHB Kalidas Mishra
|
0-0: Called Strike 0-1: Ball 1-1: Swinging Strike 1-2: Ball 2-2: Strikes out swinging
|
|
Batting: RHB Fekadu Alhaadi
|
0-0: Ball 1-0: SINGLE (Groundball, 6MD, EV 97.5 MPH) Workneh Lagat to second Runner from 2nd tries for 3rd, SAFE, throw by CF made at trailing runner, OUT! 8-4
|
|
Batting: RHB Jeff Long
|
0-0: Called Strike 0-1: DOUBLE (Line Drive, 9LS, EV 105.0 MPH) Workneh Lagat scores
|
|
Batting: RHB McGwire Jones
|
0-0: Ball 1-0: Called Strike 1-1: Ball 2-1: Ball 3-1: Base on Balls
|
|
Batting: RHB Fortunato Fteira
|
0-0: Ball 1-0: Called Strike 1-1: Swinging Strike 1-2: Ball 2-2: Fly out, F8 (Flyball, 8RXD, EV 90.6 MPH)
|
| Top of the 3rd over - 1 run, 3 hits, 0 errors, 2 left on base; Springfield 1 - Columbia 0 |
| BOTTOM OF THE 3RD |
|
Columbia Fireflies batting - Pitching for Springfield Cardinals : RHP Branden Maynard
|
|
Batting: SHB Detlef Oursler
|
0-0: Ball 1-0: Called Strike 1-1: Ground out 6-3 (Groundball, 6M, EV 76.9 MPH)
|
|
Batting: LHB Jamel Alexander
|
0-0: Swinging Strike 0-1: Fly out, F7 (Flyball, 7LM, EV 86.2 MPH)
|
|
Batting: LHB Bayesa Mundhir
|
0-0: Ball 1-0: Ball 2-0: Called Strike 2-1: Ball 3-1: SINGLE (Groundball, 6MD, EV 100.0 MPH)
|
|
Batting: LHB Miguel Ramos
|
0-0: Ground out 1-3 (Groundball, 15S, EV 70.0 MPH)
|
| Bottom of the 3rd over - 0 runs, 1 hit, 0 errors, 1 left on base; Springfield 1 - Columbia 0 |
| TOP OF THE 4TH |
|
Springfield Cardinals batting - Pitching for Columbia Fireflies : RHP Tyler Lybrand
|
|
Batting: RHB Immel Kamuzu
|
0-0: Called Strike 0-1: Fly out, F8 (Flyball, 8LD, EV 96.9 MPH)
|
|
Batting: RHB Jose Ramos
|
0-0: Ball 1-0: Foul Ball, location: 2F 1-1: Foul Ball, location: 2F 1-2: Strikes out looking
|
|
Batting: RHB Juan Martinez
|
0-0: Called Strike 0-1: Called Strike 0-2: Ball 1-2: Foul Ball, location: 2F 1-2: Ball 2-2: SINGLE (Flyball, 34D, EV 91.2 MPH)
|
|
Batting: RHB Workneh Lagat
|
0-0: Called Strike 0-1: Ball 1-1: Swinging Strike 1-2: Foul Ball, location: 2F 1-2: Strikes out swinging
|
| Top of the 4th over - 0 runs, 1 hit, 0 errors, 1 left on base; Springfield 1 - Columbia 0 |
| BOTTOM OF THE 4TH |
|
Columbia Fireflies batting - Pitching for Springfield Cardinals : RHP Branden Maynard
|
|
Batting: LHB Dan Bremseth
|
0-0: Swinging Strike 0-1: Ball 1-1: Ball 2-1: Foul Ball, location: 2F 2-2: Ball 3-2: Ground out 5-3 (Groundball, 5, EV 103.1 MPH)
|
|
Batting: SHB Jerry Burrows
|
0-0: Swinging Strike 0-1: Ball 1-1: SINGLE (Line Drive, 8RS, EV 105.0 MPH)
|
|
Batting: RHB Larry Shoop
|
0-0: Ball 1-0: Called Strike 1-1: Called Strike 1-2: Foul Ball, location: 2F 1-2: Ball 2-2: Foul Ball, location: 2F 2-2: Grounds into double play, 5-4-3 (Groundball, 56D, EV 81.9 MPH)
|
| Bottom of the 4th over - 0 runs, 1 hit, 0 errors, 0 left on base; Springfield 1 - Columbia 0 |
| TOP OF THE 5TH |
|
Springfield Cardinals batting - Pitching for Columbia Fireflies : RHP Tyler Lybrand
|
|
Batting: RHB Kalidas Mishra
|
0-0: Ball 1-0: Called Strike 1-1: Ball 2-1: Ball 3-1: Base on Balls
|
|
Batting: RHB Fekadu Alhaadi
|
0-0: Ball 1-0: Ball 2-0: Called Strike 2-1: Called Strike 2-2: Fly out, F8 (Flyball, 8LS, EV 73.8 MPH)
|
|
Batting: RHB Jeff Long
|
0-0: Ball Kalidas Mishra is caught stealing 2nd base 2-4 1-0: Called Strike 1-1: Ground out 5-3 (Groundball, 5S, EV 73.8 MPH)
|
| Top of the 5th over - 0 runs, 0 hits, 0 errors, 0 left on base; Springfield 1 - Columbia 0 |
| BOTTOM OF THE 5TH |
|
Columbia Fireflies batting - Pitching for Springfield Cardinals : RHP Branden Maynard
|
|
Batting: LHB Zane Kelton
|
0-0: Called Strike 0-1: Reached on error, E4 (Groundball, 4, EV 88.8 MPH)
|
|
Batting: RHB David Reyna
|
0-0: Ball 1-0: Ball 2-0: Ground out 1-3 (Groundball, 13S, EV 68.8 MPH) Zane Kelton to third
|
|
Batting: SHB Detlef Oursler
|
0-0: Called Strike 0-1: Foul Ball, location: 2F 0-2: Fly out, F8 (Flyball, 89M, EV 77.5 MPH)
|
|
Batting: LHB Jamel Alexander
|
0-0: Ball 1-0: Ball 2-0: Ball 3-0: Called Strike 3-1: Foul Ball, location: 2F 3-2: Strikes out swinging
|
| Bottom of the 5th over - 0 runs, 0 hits, 1 error, 1 left on base; Springfield 1 - Columbia 0 |
| TOP OF THE 6TH |
|
Springfield Cardinals batting - Pitching for Columbia Fireflies : RHP Tyler Lybrand
|
|
Batting: RHB McGwire Jones
|
0-0: Ground out 5-3 (Groundball, 56, EV 77.5 MPH)
|
|
Batting: RHB Fortunato Fteira
|
0-0: Ball 1-0: Called Strike 1-1: Ground out 4-3 (Groundball, 4S, EV 76.2 MPH)
|
|
Batting: RHB Immel Kamuzu
|
0-0: Swinging Strike 0-1: DOUBLE (Line Drive, 8RXD, EV 104.4 MPH)
|
|
Batting: RHB Jose Ramos
|
0-0: Called Strike 0-1: Ball 1-1: Ground out 3-1 (Groundball, 34, EV 104.4 MPH)
|
| Top of the 6th over - 0 runs, 1 hit, 0 errors, 1 left on base; Springfield 1 - Columbia 0 |
| BOTTOM OF THE 6TH |
|
Columbia Fireflies batting - Pitching for Springfield Cardinals : RHP Branden Maynard
|
|
Batting: LHB Bayesa Mundhir
|
0-0: Ball 1-0: Ball 2-0: Ball 3-0: Base on Balls
|
|
Pitching: LHP Mike Cobb
|
|
|
Batting: LHB Miguel Ramos
|
0-0: Swinging Strike 0-1: Called Strike 0-2: Ball 1-2: Foul Ball, location: 2F 1-2: Foul Ball, location: 2F 1-2: Strikes out swinging
|
|
Batting: LHB Dan Bremseth
|
0-0: Ball 1-0: Called Strike 1-1: Fielders Choice at 2nd, 3-6 (Groundball, 3, EV 89.4 MPH)
|
|
Batting: SHB Jerry Burrows
|
0-0: Ball 1-0: Foul Ball, location: 2F 1-1: Swinging Strike 1-2: Strikes out swinging
|
| Bottom of the 6th over - 0 runs, 0 hits, 0 errors, 1 left on base; Springfield 1 - Columbia 0 |
| TOP OF THE 7TH |
|
Springfield Cardinals batting - Pitching for Columbia Fireflies : RHP Tyler Lybrand
|
|
Batting: RHB Juan Martinez
|
0-0: TRIPLE (Flyball, 78XD, EV 104.4 MPH)
|
|
Batting: RHB Workneh Lagat
|
0-0: Called Strike 0-1: Called Strike 0-2: Strikes out looking
|
|
Batting: RHB Kalidas Mishra
|
0-0: Called Strike 0-1: Fly out, F8 (Line Drive, 8LD, EV 89.4 MPH) Runner from 3rd tags up, SCORES, throw by CF
|
|
Batting: RHB Fekadu Alhaadi
|
0-0: Ball 1-0: Ground out 4-3 (Groundball, 4, EV 85.0 MPH)
|
| Top of the 7th over - 1 run, 1 hit, 0 errors, 0 left on base; Springfield 2 - Columbia 0 |
| BOTTOM OF THE 7TH |
|
Columbia Fireflies batting - Pitching for Springfield Cardinals : LHP Mike Cobb
|
|
Batting: RHB Larry Shoop
|
0-0: Ball 1-0: Foul Ball, location: 2F 1-1: Ball 2-1: Swinging Strike 2-2: Strikes out looking
|
|
Batting: LHB Zane Kelton
|
0-0: Ball 1-0: DOUBLE (Line Drive, 78D, EV 105.0 MPH)
|
|
Batting: RHB David Reyna
|
0-0: Called Strike 0-1: Called Strike 0-2: Ball 1-2: Ball 2-2: Ground out U3 (Groundball, 34, EV 93.1 MPH) Zane Kelton to third
|
|
Batting: SHB Detlef Oursler
|
0-0: Called Strike 0-1: Ball 1-1: Called Strike Steal of home, Zane Kelton is out
|
| Bottom of the 7th over - 0 runs, 1 hit, 0 errors, 0 left on base; Springfield 2 - Columbia 0 |
| TOP OF THE 8TH |
|
Springfield Cardinals batting - Pitching for Columbia Fireflies : RHP Tyler Lybrand
|
|
Batting: RHB Jeff Long
|
0-0: Ball 1-0: Ground out 6-3 (Groundball, 6S, EV 69.4 MPH)
|
|
Batting: RHB McGwire Jones
|
0-0: Called Strike 0-1: Ball 1-1: Ball 2-1: Fly out, F7 (Flyball, 78S, EV 86.9 MPH)
|
|
Batting: RHB Fortunato Fteira
|
0-0: Ball 1-0: Ground out 6-3 (Groundball, 6, EV 81.2 MPH)
|
| Top of the 8th over - 0 runs, 0 hits, 0 errors, 0 left on base; Springfield 2 - Columbia 0 |
| BOTTOM OF THE 8TH |
|
Columbia Fireflies batting - Pitching for Springfield Cardinals : LHP Mike Cobb
|
|
Now at 1B: Davey Beeson
|
|
|
Batting: SHB Detlef Oursler
|
0-0: Hit by Pitch
|
|
Batting: LHB Jamel Alexander
|
0-0: Ball 1-0: Fielders Choice at 2nd, 6-4 (Groundball, 6M, EV 91.2 MPH)
|
|
Batting: LHB Bayesa Mundhir
|
0-0: Ball 1-0: Ball 2-0: Called Strike 2-1: Called Strike 2-2: Grounds into double play, 4-6-3 (Groundball, 4, EV 90.0 MPH)
|
| Bottom of the 8th over - 0 runs, 0 hits, 0 errors, 0 left on base; Springfield 2 - Columbia 0 |
| TOP OF THE 9TH |
|
Springfield Cardinals batting - Pitching for Columbia Fireflies : RHP Tyler Lybrand
|
|
Batting: LHB Angelo Vasquez
|
0-0: Called Strike 0-1: Swinging Strike 0-2: Ball 1-2: Foul Ball, location: 2F 1-2: Foul Ball, location: 2F 1-2: Fly out, F6 (Popup, 6, EV 62.5 MPH)
|
|
Pitching: RHP Justin Wilkins
|
|
|
Batting: RHB Jose Ramos
|
0-0: Ball 1-0: Swinging Strike 1-1: Called Strike 1-2: Ball 2-2: Foul Ball, location: 2F 2-2: Strikes out swinging
|
|
Batting: RHB Juan Martinez
|
0-0: Fly out, F8 (Flyball, 8RD, EV 90.6 MPH)
|
| Top of the 9th over - 0 runs, 0 hits, 0 errors, 0 left on base; Springfield 2 - Columbia 0 |
| BOTTOM OF THE 9TH |
|
Columbia Fireflies batting - Pitching for Springfield Cardinals : LHP Mike Cobb
|
|
Pitching: RHP Craig Daniel
|
|
|
Batting: LHB Miguel Ramos
|
0-0: Ball 1-0: Called Strike 1-1: Foul Ball, location: 2F 1-2: SINGLE (Groundball, 3D, EV 100.0 MPH)
|
|
Batting: LHB Dan Bremseth
|
0-0: Called Strike 0-1: Ball 1-1: Ball 2-1: Foul Ball, location: 2F 2-2: Fly out, F4 (Popup, 4MD, EV 59.4 MPH)
|
|
Batting: SHB Jerry Burrows
|
0-0: Foul Ball, location: 2F 0-1: Fielders Choice at 2nd, 6-4 (Groundball, 6, EV 80.0 MPH)
|
|
Pinch Hitting: LHB Tony Leyba
|
0-0: Ball 1-0: Foul Ball, location: 2F 1-1: SINGLE (Groundball, 6MD, EV 96.2 MPH) Jerry Burrows to second
|
|
Batting: LHB Zane Kelton
|
0-0: Ball 1-0: Ball 2-0: Ball 3-0: Base on Balls Jerry Burrows to third Tony Leyba to second
|
|
Pinch Hitting: RHB Nate Henderson
|
0-0: Ball 1-0: Fielders Choice at 2nd, 6-4 (Groundball, 6, EV 80.6 MPH)
|
| Bottom of the 9th over - 0 runs, 2 hits, 0 errors, 3 left on base; Springfield 2 - Columbia 0 |
|